 Dungeon Crawl Stone Soup version 0.21-a0-94-gdd6ab6a (webtiles) character file.

115626 Ordine the Bludgeoner (level 16, 0/148 HPs)
             Began as a Gargoyle Fighter on July 2, 2017.
             Was the Champion of Okawaru.
             Slain by a four-headed hydra (3 damage)
             ... on level 15 of the Dungeon.
             The game lasted 01:31:04 (26896 turns).

Ordine the Bludgeoner (Gargoyle Fighter)           Turns: 26896, Time: 01:31:05

Health: 0/148      AC: 28    Str: 19    XL:     16   Next: 69%
Magic:  28/28      EV:  2    Int: 13    God:    Okawaru [******]
Gold:   1865       SH: 14    Dex: 15    Spells: 25/27 levels left

rFire    + + .     SeeInvis .   S - +10 flail "Dyufe" {freeze, rF+ Stlth+}
rCold    . . .     Gourm    .   c - +0 shield
rNeg     + + +     Faith    .   (armour currently unavailable)
rPois    ∞         Spirit   .   (helmet currently unavailable)
rElec    .         Reflect  .   (cloak currently unavailable)
rCorr    +         Harm     .   (gloves currently unavailable)
MR       ++...     NoTele   +   (boots currently unavailable)
Stlth    ++........             U - amulet of magic regeneration
HPRegen  0.34/turn              E - ring "Uloatuux" {rCorr MR+ Dex+2 Slay+3}
MPRegen  0.46/turn              F - ring of protection from fire

@: tree-form, studying Maces & Flails
A: high mp 1, mutation resistance 1, negative energy resistance 1, petrification
resistance, rot immunity, AC +11
a: Heroism, Finesse, Renounce Religion


You were on level 15 of the Dungeon.
You worshipped Okawaru.
Okawaru was exalted by your worship.
You were very hungry.
You were a tree.
You visited 3 branches of the dungeon, and saw 22 of its levels.
You also visited: Labyrinth, Sewer and Bailey.

You collected 2200 gold pieces.
You spent 335 gold pieces at shops.

Inventory:

Hand Weapons
 t - a +0 demon whip of draining
 S - the +10 flail "Dyufe" (weapon) {freeze, rF+ Stlth+}
   (Okawaru gifted it to you on level 6 of the Lair of Beasts)

   It has been specially enchanted to freeze those struck by it, causing extra
   injury to most foes and up to half again as much damage against particularly
   susceptible opponents.
   It can also slow down cold-blooded creatures.
   It protects you from fire.
   It makes you more stealthy.
Armour
 c - a +0 shield (worn)
 m - the +4 skin of Zhor (melded) {rC+++}
   (You took it off an orc on level 9 of the Dungeon)

   It renders you almost immune to cold.
 r - the +0 pair of gloves of Set Met (melded) {Str+4}
   (You found it on level 4 of the Dungeon)

   It affects your strength (+4).
 u - the +2 pair of boots "Faebem" (melded) {MR+}
   (You found it on level 2 of the Lair of Beasts)

   It affects your resistance to hostile enchantments.
 N - the +5 robe of Night {Dark MR+ SInv}
   (You found it in a bailey)

   It affects your resistance to hostile enchantments.
   It lets you see invisible.
 Q - a +2 helmet of intelligence (melded)
 Y - a scarf of cloud immunity (melded)
Jewellery
 E - the ring "Uloatuux" (left branch) {rCorr MR+ Dex+2 Slay+3}
   (You found it on level 14 of the Dungeon)

   [ring of resist corrosion]

   It affects your dexterity (+2).
   It affects your accuracy and damage with ranged weapons and melee attacks
   (+3).
   It affects your resistance to hostile enchantments.
 F - a ring of protection from fire (right branch)
 I - an uncursed ring of protection from magic
 U - an amulet of magic regeneration (around neck)
Wands
 n - a wand of iceblast (2/15)
 x - a wand of scattershot (3/9)
 z - a wand of clouds (2/9)
 L - a wand of acid (12/15)
 P - a wand of digging (6/24)
Scrolls
 a - 3 scrolls of recharging
 g - 6 scrolls of remove curse
 i - 3 scrolls of amnesia
 p - 7 scrolls of teleportation
 q - 6 scrolls of fear
 y - 5 scrolls of enchant armour
 C - 2 scrolls of immolation
 D - a scroll of fog
 K - 3 scrolls of blinking
 M - a scroll of enchant weapon
 O - 6 scrolls of identify
 V - a scroll of vulnerability
Potions
 b - a potion of mutation
 d - 2 potions of might
 e - a potion of cancellation
 k - 4 potions of agility
 l - 2 potions of lignification
 v - 3 potions of brilliance
 B - 9 potions of curing
 G - a potion of haste
Books
 H - a book of Spatial Translocations

   Spells                             Type                      Level
   a - Blink                          Translocation                2
   b - Shroud of Golubria             Charms/Translocation         2
   c - Lesser Beckoning               Translocation                3
   d - Gell's Gravitas                Translocation                3
   e - Teleport Other                 Translocation                3
   f - Passage of Golubria            Translocation                4
 R - a manual of Maces & Flails
Miscellaneous
 s - a fan of gales
 w - a lamp of fire
 T - a crystal ball of energy
Comestibles
 f - 18 bread rations
 h - 26 fruits
 j - 17 royal jellies
 A - 10 meat rations


   Skills:
 + Level 10.9 Fighting
 - Level 16.0 Maces & Flails
 + Level 10.4 Armour
 + Level 7.8 Dodging
 - Level 15.1 Shields
 * Level 6.4 Spellcasting
 - Level 7.0 Translocations
 - Level 10.0 Invocations
 + Level 2.6 Evocations


You had 25 spell levels left.
You knew the following spells:

 Your Spells              Type           Power        Failure   Level  Hunger
b - Blink                 Tloc           N/A          1%          2    #......


Dungeon Overview and Level Annotations

Branches:
Dungeon (15/15)            Temple (1/1) D:7            Lair (6/6) D:9
  Swamp (0/4) Lair:2       Spider (0/4) Lair:4        Slime (0/5) Lair:6
    Orc (0/2) D:9          Vaults (0/5) D:13
 Depths: D:15

Altars:
Ashenzari
Cheibriados
Dithmenos
Elyvilon
Fedhas
Gozag
Hepliaklqana
Kikubaaqudgha
Makhleb
Nemelex Xobeh
Okawaru
Qazlal
Ru
Sif Muna
Trog
Uskayaw
Vehumet
Wu Jian
Xom
Yredelemnul
Zin
The Shining One
Jiyva

Shops:
D:5 ?[((%   D:9 =   D:15 (

Portals:
Trove: D:11 (give +4 ice dragon scales)


Innate Abilities, Weirdness & Mutations

You are resistant to torment.
((Your stone body is resilient. (AC +11)))
You are immune to poison.
((Your large and strong wings let you fly indefinitely.))
You resist negative energy. (rN+)
((You are resistant to electric shocks. (rElec)))
((You can survive without breathing.))
You are immune to petrification.
You are immune to rotting.
((You are partially covered in iridescent scales. (AC +2)))
You have an increased reservoir of magic. (+10% MP)
You are somewhat resistant to further mutation.


Message History

You block the dire elephant's attack.
The dire elephant trunk-slaps you but does no damage.
You bludgeon the dire elephant!! You freeze the dire elephant.
You kill the dire elephant!
Okawaru accepts your kill.
You hit the four-headed hydra. You freeze the four-headed hydra.
The four-headed hydra is lightly wounded.
You sock the four-headed hydra! You freeze the four-headed hydra.
The four-headed hydra is moderately wounded.
The four-headed hydra bites you but does no damage.
The four-headed hydra bites you!
* * * LOW HITPOINT WARNING * * *
The four-headed hydra bites you.
* * * LOW HITPOINT WARNING * * *
The four-headed hydra bites you but does no damage.
Unknown command.
You feel better. The four-headed hydra bites you.
* * * LOW HITPOINT WARNING * * *
The four-headed hydra bites you.
You die...

.....##.## ..#
.....##.#.. ..#
.....##.#..# ..#
........# #.###+###.#
.......## #...#....#
.......# #.≈.#.≈..#
....##.### #...#....#
.........#
#D###.#############
....##.###
##♣.#.........†....
.......#
#.)#########.#####
.......#
#######...#####.#####
.....#.#
####.......#..........##
.....#.#
#.......##...#####.##.##
.......# #.......###..#
#.##.## #####..#
#.......# #..# #......
...##.## #.......# #..#
##...## ....#.#
#.......# #### #.###


You could see a four-headed hydra.

Vanquished Creatures
  Kirke (D:12)
  A storm dragon (D:14)
  4 fire giants
  An orc warlord (Bailey)
  Nessos (D:13)
  Azrael (D:12)
  A dire elephant (D:15)
  An ogre mage (D:13)
  A minotaur (Lab)
  Harold (Lair:2)
  The ghost of ciphuk the Nimble, a journeyman KoBe of Trog (D:12)
  6 hydras
  Erolcha (D:12)
  8 two-headed ogres
  3 catoblepae (Lair:6)
  2 tengu warriors
  A deep troll earth mage (D:12)
  5 centaur warriors
  10 death yaks
  Urug (Lair:4)
  7 unseen horrors
  An orange crystal statue (D:11)
  2 deep elf archers
  A necromancer (Lair:6)
  A phantasmal warrior (D:14)
  2 wolf spider zombies (D:14)
  2 deep elf magi
  A salamander (D:15)
  3 oklob plants (Lair:2)
  4 wolf spiders
  7 ugly things
  5 manticores
  5 elephants (Lair:4)
  6 cyclopes
  6 black mambas
  Psyche (D:8)
  11 spiny frogs
  Joseph (D:10)
  3 gargoyles (D:12)
  4 rime drakes
  12 komodo dragons
  A kobold demonologist (D:12)
  3 tyrant leeches (Lair:2)
  3 meliai (D:11)
  4 trolls
  A jumping spider (Lair:4)
  A hornet (D:12)
  12 blink frogs
  9 slime creatures (D:12)
  7 dream sheep
  10 hippogriffs
  A redback (Lair:4)
  55 yaks
  3 water elementals (D:11)
  A shadow (D:15)
  6 wraiths
  A vampire (D:12)
  5 wyverns
  7 fire elementals (D:12)
  4 hogs (D:7)
  A human (D:7)
  3 basilisks
  A steam dragon (D:12)
  4 hungry ghosts
  4 vampire mosquitoes
  A soldier ant (D:12)
  2 swamp worms (Lair:2)
  15 porcupines
  A hell hound (D:12)
  A swamp drake (shapeshifter) (D:12)
  13 water moccasins
  A black bear (D:10)
  10 orc warriors
  A swamp drake (D:9)
  A hornet zombie (D:12)
  4 ice beasts
  3 phantoms
  5 sky beasts
  9 ogres
  An eye of draining (D:10)
  14 wolves
  14 centaurs
  16 crocodiles
  5 big kobolds
  26 bullfrogs
  4 gnoll sergeants
  A wyvern skeleton (D:12)
  2 wights
  15 killer bees
  5 electric eels
  5 howler monkeys
  13 crimson imps
  4 centaur zombies
  A quasit (D:9)
  Crazy Yiuf (D:3)
  3 bullfrog zombies
  8 hounds
  6 jellies
  12 orc priests
  7 bullfrog skeletons
  18 orc wizards
  4 centaur skeletons
  3 iguanas
  11 worker ants
  2 yak simulacra (Lair:6)
  2 polar bear simulacra (Lair:6)
  5 wolf simulacra (Lair:6)
  A hound zombie (D:6)
  A hound skeleton (D:5)
  3 worker ant zombies
  28 gnolls
  17 adders
  2 river rats (D:4)
  6 shadow imps
  6 oozes (Sewer)
  An adder zombie (D:6)
  An adder skeleton (D:7)
  6 worms
  2 dart slugs
  14 leopard geckos
  66 orcs
  15 giant cockroaches
  20 goblins
  7 hobgoblins
  16 jackals
  5 quokkas
  9 ball pythons (Sewer)
  9 bats
  16 frilled lizards
  32 kobolds
  A leopard gecko skeleton (D:8)
  A quokka skeleton (D:4)
  A quokka zombie (D:12)
  10 rats
  2 river rat simulacra (Lair:6)
  A plant (Lair:2)
857 creatures vanquished.

Vanquished Creatures (others)
  3 humans (D:12)
  A crimson imp (D:12)
  An orc priest (D:12)
  An orc (D:12)
  3 fungi (Lair:6)
  12 plants
21 creatures vanquished.

Grand Total: 878 creatures vanquished

Notes
Turn   | Place    | Note
-------+----------+-------------------------------------------
     0 | D:1      | Ordine the Gargoyle Fighter began the quest for the Orb.
     0 | D:1      | Reached XP level 1. HP: 14/14 MP: 1/1
    99 | D:1      | Reached XP level 2. HP: 17/19 MP: 2/2
   430 | D:2      | Reached XP level 3. HP: 23/23 MP: 3/3
   440 | D:2      | Reached skill level 3 in Maces & Flails
   729 | D:2      | Found a faded altar of an unknown god.
  1129 | D:3      | Reached XP level 4. HP: 13/28 MP: 4/4
  1310 | D:3      | Reached skill level 4 in Maces & Flails
  1398 | D:3      | Learned a level 2 spell: Blink
  1421 | D:3      | Reached XP level 5. HP: 25/32 MP: 5/5
  1450 | D:3      | Gained mutation: Your magical capacity is low. (-10% MP) [potion of mutation]
  1450 | D:3      | Gained mutation: You are partially covered in iridescent scales. (AC +2) [potion of mutation]
  1474 | D:3      | Reached skill level 1 in Translocations
  1492 | D:3      | Lost mutation: Your magical capacity is low. (-10% MP) [potion of mutation]
  1492 | D:3      | Gained mutation: You have an increased reservoir of magic. (+10% MP) [potion of mutation]
  1492 | D:3      | Gained mutation: You are somewhat resistant to further mutation. [potion of mutation]
  1827 | D:3      | Reached skill level 5 in Maces & Flails
  1827 | D:3      | Reached XP level 6. HP: 37/37 MP: 6/6
  1881 | D:3      | Found a runed door.
  1885 | D:3      | Noticed Crazy Yiuf
  1891 | D:3      | Killed Crazy Yiuf
  2002 | D:3      | Found an opulent altar of Gozag.
  2144 | D:4      | Got a pair of ancient gloves
  2206 | D:4      | Found a blossoming altar of Fedhas.
  2244 | D:4      | Found a transporter.
  2407 | D:4      | Found a transporter.
  2415 | D:4      | Found a snail-covered altar of Cheibriados.
  2506 | D:4      | Reached XP level 7. HP: 35/41 MP: 7/7
  2522 | D:4      | Reached skill level 5 in Shields
  2545 | D:4      | Found a glowing drain.
  2553 | Sewer    | Entered a sewer
  2981 | Sewer    | Reached skill level 6 in Maces & Flails
  3651 | D:4      | Identified the cursed +0 pair of gloves of Set Met {Str+4} (You found it on level 4 of the Dungeon)
  3686 | D:5      | Entered Level 5 of the Dungeon
  3699 | D:5      | Found Ocliapsa's Food Shoppe.
  3768 | D:5      | Reached XP level 8. HP: 22/46 MP: 8/8
  3939 | D:5      | Found Muklurol's Antique Weapon Emporium.
  3949 | D:5      | Reached skill level 7 in Maces & Flails
  3975 | D:5      | Bought a runed flail for 156 gold pieces
  4015 | D:5      | Found Ecraeco's Armour Boutique.
  4197 | D:5      | Found Qyzenus's Weapon Boutique.
  4205 | D:5      | Bought a +1 morningstar of protection for 141 gold pieces
  4445 | D:5      | Found Oloff's Magic Scroll Shoppe.
  4452 | D:5      | Bought a scroll of magic mapping for 38 gold pieces
  4588 | D:6      | Reached skill level 8 in Maces & Flails
  4589 | D:6      | Found a basalt altar of Yredelemnul.
  4933 | D:6      | Found a burning altar of Makhleb.
  4999 | D:6      | Reached XP level 9. HP: 51/51 MP: 9/9
  5473 | D:7      | Reached skill level 9 in Maces & Flails
  5528 | D:7      | Found a glowing golden altar of the Shining One.
  5568 | D:7      | Reached skill level 5 in Translocations
  5645 | D:7      | Found a staircase to the Ecumenical Temple.
  5654 | Temple   | Entered the Ecumenical Temple
  5747 | Temple   | Became a worshipper of Warmaster Okawaru
  5974 | D:7      | Found a bloodstained altar of Trog.
  6250 | D:7      | Reached * piety under Okawaru
  6261 | D:7      | Reached skill level 10 in Maces & Flails
  6271 | D:7      | Reached XP level 10. HP: 51/56 MP: 11/11
  6570 | D:8      | Reached ** piety under Okawaru
  6628 | D:8      | Found a flagged portal.
  6652 | Bailey   | Entered a bailey
  6657 | Bailey   | Noticed an orc warlord
  6810 | Bailey   | Found a runed gate.
  6813 | Bailey   | Found a runed gate.
  6815 | Bailey   | Found a runed gate.
  6976 | Bailey   | Killed an orc warlord
  6976 | Bailey   | Reached skill level 11 in Maces & Flails
  7153 | D:8      | Identified a scroll of acquirement
  7258 | D:8      | Found a shattered altar of Ashenzari.
  7360 | D:8      | Reached *** piety under Okawaru
  7555 | D:8      | Found a sacrificial altar of Ru.
  7633 | D:8      | Noticed Psyche
  7641 | D:8      | Killed Psyche
  7800 | D:9      | Found Only's Jewellery Emporium.
  8110 | D:9      | Found a staircase to the Orcish Mines.
  8137 | D:9      | Reached XP level 11. HP: 57/60 MP: 12/12
  8323 | D:9      | Found a glowing silver altar of Zin.
  8411 | D:9      | Got a steaming ring mail
  8433 | D:9      | Reached skill level 12 in Maces & Flails
  8439 | D:9      | Identified the +5 ring mail "Exzur" {*Slow rPois rF+ Dex+7} (You found it on level 9 of the Dungeon)
  8441 | D:9      | Reached skill level 13 in Maces & Flails
  8441 | D:9      | Reached XP level 12. HP: 64/64 MP: 13/13
  8555 | D:9      | Reached **** piety under Okawaru
  8564 | D:9      | Found a staircase to the Lair.
  9046 | D:10     | Entered Level 10 of the Dungeon
  9117 | D:10     | Noticed Joseph
  9140 | D:10     | Killed Joseph
  9140 | D:10     | Reached skill level 14 in Maces & Flails
  9176 | D:10     | Reached skill level 1 in Invocations
  9722 | D:10     | Reached skill level 1 in Dodging
 10043 | D:10     | Reached ***** piety under Okawaru
 10302 | Lair:1   | Entered Level 1 of the Lair of Beasts
 10366 | Lair:1   | Noticed a four-headed hydra
 10374 | Lair:1   | Killed a four-headed hydra
 10542 | Lair:1   | Got a jewelled chain mail
 10553 | Lair:1   | Identified the cursed +1 chain mail of Pisimoaje {+Blink Stlth+} (You found it on level 1 of the Lair of Beasts)
 11287 | Lair:2   | Reached skill level 5 in Fighting
 11287 | Lair:2   | Reached skill level 5 in Invocations
 11420 | Lair:2   | Noticed Harold
 11460 | Lair:2   | Reached skill level 5 in Armour
 11503 | Lair:2   | Killed Harold
 11503 | Lair:2   | Received a gift from Okawaru
 11503 | Lair:2   | Reached XP level 13. HP: 29/72 MP: 18/18
 11634 | Lair:2   | Found a labyrinth entrance.
 11644 | Lab      | Entered a labyrinth
 11844 | Lab      | Noticed a minotaur
 11854 | Lab      | Killed a minotaur
 11854 | Lab      | Reached ****** piety under Okawaru
 12513 | Lair:2   | Found a staircase to the Swamp.
 14398 | Lair:3   | Received a gift from Okawaru
 15190 | Lair:2   | Got a pair of jewelled boots
 15202 | Lair:2   | Identified the +2 pair of boots "Faebem" {MR+} (You found it on level 2 of the Lair of Beasts)
 15793 | Lair:4   | Noticed Urug
 15814 | Lair:4   | Killed Urug
 15835 | Lair:4   | Found a hole to the Spider Nest.
 15855 | Lair:4   | Received a gift from Okawaru
 16316 | Lair:4   | Gained mutation: Your large and strong wings let you fly indefinitely. [Gargoyle growth]
 16316 | Lair:4   | Reached XP level 14. HP: 81/82 MP: 22/22
 17268 | Lair:6   | Entered Level 6 of the Lair of Beasts
 17485 | Lair:6   | Reached skill level 5 in Dodging
 17485 | Lair:6   | Reached skill level 10 in Invocations
 17698 | Lair:6   | Received a gift from Okawaru
 17745 | Lair:6   | Got a fine flail {god gift}
 17746 | Lair:6   | Identified the +10 flail "Dyufe" {freeze, rF+ Stlth+} (Okawaru gifted it to you on level 6 of the Lair of Beasts)
 17857 | Lair:6   | Reached skill level 1 in Spellcasting
 18352 | Lair:6   | Found a viscous altar of Jiyva.
 18353 | Lair:6   | Found a staircase to the Slime Pits.
 18616 | Lair:6   | Received a gift from Okawaru
 19569 | Lair:5   | Reached skill level 15 in Maces & Flails
 19623 | Lair:5   | Reached XP level 15. HP: 64/89 MP: 24/24
 20321 | D:11     | Found a portal to a secret trove of treasure.
 21192 | D:12     | Noticed Kirke
 21192 | D:12     | Noticed ciphuk's ghost (journeyman KoBe)
 21418 | D:12     | Received a gift from Okawaru
 21460 | D:12     | Killed ciphuk's ghost
 21522 | D:12     | Killed Kirke
 21906 | D:12     | Reached skill level 16 in Maces & Flails
 22279 | D:12     | Noticed a fire giant
 22285 | D:12     | Noticed a fire giant
 22490 | D:12     | Received a gift from Okawaru
 22886 | D:12     | Noticed Azrael
 22912 | D:12     | Killed Azrael
 23126 | D:12     | Killed a fire giant
 23280 | D:12     | Killed a fire giant
 23280 | D:12     | Received a gift from Okawaru
 23289 | D:12     | Noticed a fire giant
 23522 | D:12     | Killed a fire giant
 23898 | D:13     | Reached skill level 10 in Fighting
 23967 | D:12     | Reached XP level 16. HP: 64/97 MP: 25/25
 24111 | D:13     | Noticed Erolcha
 24126 | D:12     | Killed Erolcha
 24366 | D:13     | Reached skill level 5 in Spellcasting
 24511 | D:13     | Noticed Nessos
 24525 | D:13     | Killed Nessos
 24649 | D:13     | Received a gift from Okawaru
 24652 | D:13     | Reached skill level 15 in Shields
 24654 | D:13     | Got a pair of jewelled boots {god gift}
 24679 | D:13     | Reached skill level 10 in Armour
 24724 | D:13     | Identified the -5 pair of boots of the Blessed Realm {*Slow Dex+6} (Okawaru gifted it to you on level 13 of the Dungeon)
 24736 | D:13     | Found a gate to the Vaults.
 25539 | D:14     | Reached skill level 1 in Evocations
 25758 | D:14     | Found a runed door.
 25758 | D:14     | Noticed a storm dragon
 25956 | D:14     | Killed a storm dragon
 26199 | D:14     | Identified the +7 broad axe "Weafruus" {chop, +Blink rPois} (You found it on level 14 of the Dungeon)
 26201 | D:14     | Got an ancient iron ring
 26202 | D:14     | Identified the ring "Uloatuux" {rCorr MR+ Dex+2 Slay+3} (You found it on level 14 of the Dungeon)
 26286 | D:15     | Entered Level 15 of the Dungeon
 26791 | D:15     | Found Purait's Antique Weapon Boutique.
 26895 | D:15     | HP: 4/148 [four-headed hydra (8)]
 26895 | D:15     | HP: 1/148 [four-headed hydra (3)]
 26896 | D:15     | Slain by a four-headed hydra

Vault maps used:
D:1:      dpeg_arrival_orchard, minmay_misc_feat_tiny
D:2:      chequers_ecumenical_altar_simple_redux
D:3:      first_bread, nicolae_gozag_cash_rules_everything_around_me,
          uniq_crazy_yiuf_cottage
D:4:      gammafunk_steamed_eel, old_standard_altar, cheibriados_altar_1,
          lightli_sewer_entry_pipes, amethyst_killhole, minmay_stone_trees_small
D:5:      serial_shops, nicolae_shop_waterfront, nicolae_shop_trees, shop, shop,
          nicolae_shop_behind_doors, hangedman_abyss_or_decor_slice,
          kennysheep_flooded_box
D:6:      yredelemnul_altar_generic, lemuel_doored_altar
D:7:      tso_metal_star, temple_hall, grunt_livestock,
          trog_three_pillars_becter
D:8:      cheibrodos_ashenzari_chains, lightli_bailey_entry_fortress,
          minmay_misc_feat_roman, nicolae_ru_path_of_blood, uniq_psyche
D:9:      old_standard_altar, david_lair_shrubbed, erik_orc_1, serial_shops,
          shop
D:10:     kennysheep_windowed_halls, feat_on_display, uniq_joseph
D:11:     trove_entry_hex_spiral, minivault_16
D:12:     minmay_nested_s, uniq_azrael, uniq_kirke
D:13:     david_vaults_2, uniq_erolcha, uniq_nessos
D:14:     kennysheep_cross_landing, kennysheep_treasure_room
D:15:     hangedman_depths_entry_try_elsewhere_first, serial_shops, shop,
          hangedman_decor_points, minmay_misc_feat_enclosed, grunt_ministairs_5
Temple:   regret_index_temple_generic_petals
Lair:1:   cheibrodos_lair_caveside_slide, grunt_forest_stairs_basic,
          lemuel_old_faithful
Lair:2:   minmay_swamp_entry_worms, lab_entry_generic, lemuel_fruit_tree,
          grunt_megastairs_5, minmay_lair_oklob_chamber, uniq_harold
Lair:3:   beast_lair_carwin_11
Lair:4:   spider_nest_entry_funnel_web, minmay_holes, uniq_urug
Lair:5:   infiniplex_staircase_pool_2, grunt_megastairs_4, serial_bayou_shore_a
Lair:6:   evilmike_catoblepas_cave, dpeg_slime_entry_enclosed_altar,
          st_stairs_12, serial_bayou_pond_e, eino_house_with_fridge,
          grunt_megastairs_1
Lab:      labyrinth_spiral, labyrinth_skeletal_remains, nicolae_lab_dead_end,
          labyrinth_glass_1
Sewer:    sewer_frog_island_02
Bailey:   bailey_axe_bossmonster_kennysheep, bailey

Skill      XL: |  1  2  3  4  5  6  7  8  9 10 11 12 13 14 15 16 |
---------------+-------------------------------------------------+-----
Maces & Flails | 3 4 5 6 8 10 11 13 14 15 16 | 16.0
Shields        | 4 5 6 8 9 11 12 13 14 15 | 15.1
Translocations | 1 2 3 4 5 7 |  7.0
Invocations    | 5 9 10 | 10.0
Dodging        | 2 4 5 7 |  7.8
Fighting       | 5 7 8 10 | 10.9
Armour         | 5 7 8 9 10 | 10.4
Spellcasting   | 2 4 6 |  6.4
Evocations     | 2 |  2.6

Action                   |  1- 3 |  4- 6 |  7- 9 | 10-12 | 13-15 | 16-18 || total
-------------------------+-------+-------+-------+-------+-------+-------++-------
Melee: Flail             |   131 |   253 |   317 |       |   927 |   403 ||  2031
       Morningstar       |       |       |   241 |   183 |       |       ||   424
       Demon whip        |       |       |       |   672 |   862 |       ||  1534
 Abil: Fly               |       |       |       |       |     1 |       ||     1
Evoke: Wand              |       |       |       |       |     7 |       ||     7
  Use: Scroll            |     7 |     1 |    10 |     9 |    12 |     6 ||    45
       Potion            |       |     5 |     5 |     4 |     9 |     7 ||    30
 Stab: Distracted        |       |       |     1 |       |       |       ||     1
       Sleeping          |       |       |       |     1 |     7 |     5 ||    13
       Invisible         |       |       |       |       |     3 |     2 ||     5
       Petrifying        |       |       |       |       |     1 |       ||     1
  Eat: Chunk             |     1 |     5 |    13 |    18 |    41 |    10 ||    88
       Fruit             |       |       |       |       |     1 |       ||     1
       Royal jelly       |       |       |       |       |     1 |       ||     1
Armor: Scale mail        |    72 |   166 |   224 |       |       |       ||   462
       Plate armour      |       |       |   126 |   201 |       |       ||   327
       Skin              |       |       |       |     2 |    71 |    29 ||   102
       Animal skin       |       |       |       |   131 |   482 |   120 ||   733
       Robe              |       |       |       |       |       |     7 ||     7
Dodge: Dodged            |    43 |   136 |   243 |   178 |   516 |   135 ||  1251
Block: Shield            |    75 |     8 |       |   260 |   843 |   199 ||  1385
       Buckler           |       |    48 |   148 |    60 |       |       ||   256
